 Dungeon Crawl Stone Soup version 0.26.0-45-g9c1d065592 (webtiles) character file.

Game seed: 11018740860084468534

18491 kaeus the Covert (level 12, 0/80 HPs)
             Began as an Octopode Enchanter on Feb 1, 2021.
             Was an Initiate of Gozag.
             Slain by an eight-headed hydra (3 damage)
             ... on level 2 of the Lair of Beasts.
             The game lasted 00:53:52 (24134 turns).

kaeus the Covert (Octopode Enchanter)              Turns: 24134, Time: 00:53:52

Health: 0/80       AC:  6    Str: 10      XL:     12   Next: 59%
Magic:  30/30      EV: 17    Int: 16 (17) God:    Gozag
Gold:   29         SH:  9    Dex: 21 (22) Spells: 11/23 levels left

rFire    + . .     SeeInvis +   b - +0 scimitar (flame)
rCold    + + +     Faith    .   g - +3 buckler
rNeg     + + +     Spirit   .   (helmet restricted)
rPois    +         Reflect  .   P - amulet of Fragile Peace {Acrobat rElec Str+4}
rElec    +         Harm     .   l - ring of see invisible
rCorr    +         Rampage  .   h - +4 ring of protection
Will     .....                  L - ring of resist corrosion
Stlth    +++++++...             z - ring of positive energy
HPRegen  0.23/turn              k - ring of poison resistance (curse)
MPRegen  0.22/turn              Q - ring of Befyngerch {rC+ rN++ Str-2}
                                R - ring "Kayluull" {MP+9 Dex+3}
                                (no ring)

@: resistant, invisible
A: almost no armour, stealthy swim, amphibious, 8 rings, constrict 8, rugged
brown scales 1, camouflage 1, agile 1, cold resistance 1, deterioration 1, frail
1, gelatinous body 1, evolution 1
a: Renounce Religion, Potion Petition, Call Merchant, Bribe Branch


You were on level 2 of the Lair of Beasts.
You worshipped Gozag.
Gozag was noncommittal.
You visited 3 branches of the dungeon, and saw 13 of its levels.
You also visited: Ossuary.

You collected 2771 gold pieces.
You spent 1534 gold pieces at shops.
You paid 1208 gold pieces to Gozag.

Inventory:

Hand Weapons
 a - a +5 short sword of protection
 b - a +0 scimitar of flaming (weapon)
 D - a +1 dagger of draining
 G - a +0 dagger of venom
Missiles
 I - 11 poisoned darts
 O - 200 arrows
Armour
 g - a +3 buckler (worn)
Jewellery
 h - a +4 ring of protection (right tentacle)
 j - an uncursed amulet of guardian spirit
 k - a cursed ring of poison resistance (on tentacle)
 l - a ring of see invisible (left tentacle)
 z - a ring of positive energy (on tentacle)
 B - an uncursed ring of fire
 L - a ring of resist corrosion (on tentacle)
 M - an uncursed ring of ice
 P - the amulet of Fragile Peace (around mantle) {Acrobat rElec Str+4}
   (You bought it in a shop on level 2 of the Lair of Beasts)

   [amulet of the acrobat]

   It helps you evade while moving and waiting.
   It affects your strength (+4).
   It insulates you from electricity.
 Q - the ring of Befyngerch (on tentacle) {rC+ rN++ Str-2}
   (You bought it in a shop on level 2 of the Lair of Beasts)

   [ring of protection from cold]

   It affects your strength (-2).
   It protects you from cold.
   It greatly protects you from negative energy.
 R - the ring "Kayluull" (on tentacle) {MP+9 Dex+3}
   (You found it on level 2 of the Lair of Beasts)

   [ring of magical power]

   It affects your dexterity (+3).
   It affects your magic capacity (+9).
Wands
 v - a wand of polymorph (26)
 y - a wand of flame (9)
 A - a wand of enslavement (9)
 H - a wand of acid (6)
 K - a wand of iceblast (11)
Scrolls
 f - 15 scrolls of remove curse
 i - 5 scrolls of teleportation
 m - 2 scrolls of identify
 n - a scroll of enchant armour
 q - a scroll of brand weapon
 r - a scroll of fog
 s - a scroll of fear
 u - a scroll of amnesia
 w - a scroll of magic mapping
 E - a scroll of enchant weapon
 N - a scroll of immolation {unknown}
Potions
 c - a potion of berserk rage {unknown}
 d - 4 potions of flight
 e - 2 potions of curing
 o - a potion of lignification
 p - 2 potions of attraction
 t - a potion of haste
 x - 7 potions of ambrosia
 C - 2 potions of might {unknown}
 F - 2 potions of resistance
 J - 3 potions of magic


   Skills:
 + Level 10.2 Fighting
 - Level 10.0 Short Blades
 - Level 5.0 Dodging
 - Level 14.0 Stealth
 - Level 4.0 Shields
 - Level 6.0 Spellcasting
 - Level 6.0 Hexes
 - Level 4.0 Ice Magic


You had 11 spell levels left.
You knew the following spells:

 Your Spells              Type           Power        Failure   Level
a - Corona                Hex            26%          1%          1
b - Ensorcelled Hibernat  Hex/Ice        40%          2%          2
c - Dazzling Flash        Conj/Hex       28%          12%         3
d - Confusing Touch       Hex            24%          3%          3
e - Tukima's Dance        Hex            24%          3%          3

Your spell library contained the following spells:

 Spells                   Type           Power        Failure   Level


Dungeon Overview and Level Annotations

Branches:
Dungeon (10/15)            Temple (1/1) D:6            Lair (2/6) D:8
    Orc (0/2) D:10        Ossuary (visited)
  Swamp: Lair:2-4    Shoals: Lair:2-4     Snake: Lair:2-4    Spider: Lair:2-4

Altars:
Ashenzari
Cheibriados
Dithmenos
Elyvilon
Fedhas
Gozag
Hepliaklqana
Kikubaaqudgha
Makhleb
Nemelex Xobeh
Okawaru
Qazlal
Ru
Sif Muna
Trog
Uskayaw
Vehumet
Wu Jian
Xom
Yredelemnul
Zin
The Shining One

Shops:
D:5 *   D:10 }   Lair:2 =

Portals:
Trove: D:10 (give +7 demon blade)

Annotations:
D:9 2 transporters, zcampers's ghost, novice MiBe


Innate Abilities, Weirdness & Mutations

You cannot wear most types of armour.
You are very stealthy in the water. (Stealth+)
You are amphibious.
You can wear up to eight rings at the same time.
You can use your tentacles to constrict eight enemies at once.
Your skin changes colour to match your surroundings (Stealth+).
Your rubbery body absorbs attacks. (AC +1, EV +1)
You are partially covered in rugged brown scales. (AC +1, +3% HP)
You are agile. (Dex +2)
Your flesh is cold resistant. (rC+)
Your body sometimes deteriorates upon taking damage.
You are frail. (-10% HP)
You evolve.


Message History

The eight-headed hydra bites you.
* * * LOW HITPOINT WARNING * * *
The eight-headed hydra completely misses you.
The eight-headed hydra bites you!
* * * LOW HITPOINT WARNING * * *
Your body deteriorates!
You feel clumsy.
You take 32 damage, and have 3/80 hp.
MASSIVE DAMAGE!!
Casting: Confusing Touch (mildly dangerous; 3% risk of failure)
Confirm with . or Enter, or press ? or * to list all spells.
Okay, then.
Okay, then. [a] - 264 gold - invisibility and might [b] - 276 gold - brilliance and magic [c] - 414 gold - resistance and invisibility Purchase which effect?
You no longer have enough gold to petition Gozag for potion effects.
You feel protected.
You fade into invisibility!
The eight-headed hydra bites you.
You die...
Your body crumbles into a pile of gold.

#.#...#.# ###...#### ##.##.
##.......###P....#..###.....
............................ #
##.........#######.#.###.#####
###...........#P...P#..##.#.#P...
..............#.###.#.#.#...#.#'#
..............#.+)#.'.#####.#.#.#
......#.......#D###.#.##....#.###
....###.......#P@..P#....#..#P...
.....##.......#######.#.#.#.###'#
......................#.#.#......
..............##.#..##.##..####.#
..............#.###.#.#.#.##...##
................#####.#.#####....
..............#..###.#.#...#.#.#.
..............#.#..#..#.#..####.#
.)...#..)......#..##...#.#.......


You could see an eight-headed hydra.

Vanquished Creatures
  Harold (D:7)
  A boulder beetle (Lair:2)
  A hydra (Lair:2)
  Erica (Lair:1)
  Pikel (D:7)
  4 oklob plants (Lair:2)
  A black mamba (Lair:2)
  Joseph (D:7)
  A gargoyle (D:7)
  6 cane toads
  A centaur skeleton (D:10)
  A rime drake (Lair:2)
  A queen bee (D:9)
  2 polar bears (Lair:1)
  A dream sheep (Lair:2)
  A vampire (D:10)
  12 yaks
  2 orc warriors
  8 water moccasins
  A black bear (D:7)
  2 sky beasts
  An ice beast (D:7)
  A phantom (D:8)
  5 ogres
  9 wolves (Lair:1)
  4 centaurs
  A big kobold (D:7)
  15 bullfrogs
  A scorpion (D:10)
  22 killer bees
  13 wights
  5 howler monkeys
  A centaur zombie (D:8)
  3 quasits
  2 bullfrog zombies
  3 jellies
  3 hounds
  A gnoll shaman (D:7)
  5 orc priests
  5 bullfrog skeletons
  4 iguanas
  10 worker ants
  6 orc wizards
  Ijyb (D:3)
  2 hell rats (Lair:2)
  A big kobold zombie (Ossuary)
  A hound zombie (D:8)
  9 mummies
  A hound skeleton (D:6)
  5 gnolls (D:7)
  A worker ant zombie (D:9)
  7 adders
  2 shadow imps
  A white imp (D:9)
  3 ufetubi
  An ooze (D:7)
  3 adder skeletons
  4 worms
  4 dart slugs
  3 leopard geckos
  24 orcs
  6 giant cockroaches
  4 gnoll zombies (Ossuary)
  7 goblins
  7 hobgoblins
  9 jackals
  6 quokkas
  2 ball pythons
  6 bats
  4 frilled lizards
  12 kobolds
  2 kobold zombies (Ossuary)
  A leopard gecko skeleton (D:6)
  An orc zombie (Ossuary)
  2 quokka skeletons
  7 rats
319 creatures vanquished.

Vanquished Creatures (collateral kills)
  Erolcha (D:10)
  An orc warrior (D:9)
  3 wights
5 creatures vanquished.

Vanquished Creatures (others)
  2 dancing weapons (D:7)
  7 fungi
  23 plants
32 creatures vanquished.

Grand Total: 356 creatures vanquished

Notes
Turn   | Place    | Note
-------+----------+-------------------------------------------
     0 | D:1      | kaeus the Octopode Enchanter began the quest for the Orb.
     0 | D:1      | Reached XP level 1. HP: 11/11 MP: 3/3
   124 | D:1      | You fall into a shaft and drop 1 floor!
   149 | D:1      | You fall into a shaft and drop 1 floor!
   149 | D:2      | Found an iron altar of Okawaru.
   213 | D:1      | Reached XP level 2. HP: 17/17 MP: 5/5
   346 | D:1      | Reached skill level 5 in Stealth
  1163 | D:1      | Reached XP level 3. HP: 18/21 MP: 6/6
  1405 | D:1      | Learned a level 2 spell: Ensorcelled Hibernation
  1936 | D:2      | Reached skill level 6 in Stealth
  2253 | D:3      | Reached XP level 4. HP: 27/27 MP: 7/7
  2284 | D:3      | Noticed Ijyb
  2315 | D:3      | Killed Ijyb
  2820 | D:3      | Reached XP level 5. HP: 25/31 MP: 6/9
  3084 | D:4      | Reached skill level 7 in Stealth
  3089 | D:4      | Learned a level 3 spell: Dazzling Flash
  3093 | D:4      | Learned a level 3 spell: Confusing Touch
  3298 | D:4      | Reached XP level 6. HP: 30/36 MP: 7/10
  3525 | D:4      | Found a radiant altar of Vehumet.
  4098 | D:5      | Entered Level 5 of the Dungeon
  4102 | D:5      | Reached skill level 8 in Stealth
  4102 | D:5      | Reached XP level 7. HP: 22/41 MP: 6/13
  4529 | D:5      | Reached skill level 5 in Hexes
  4821 | D:5      | Found Saisatooge's Assorted Antiques.
  4878 | D:5      | Found a hide-covered altar of Uskayaw.
  4923 | D:5      | Found a sacrificial altar of Ru.
  4925 | D:5      | Found a broken altar of Ashenzari.
  4926 | D:5      | Found a stormy altar of Qazlal.
  5122 | D:5      | Reached XP level 8. HP: 20/46 MP: 5/15
  5247 | D:6      | Found an ornate altar of the Wu Jian Council.
  5263 | D:6      | Reached skill level 9 in Stealth
  5320 | D:6      | Found a sand-covered staircase.
  5333 | Ossuary  | Entered an ossuary
  5389 | Ossuary  | Reached skill level 5 in Spellcasting
  6370 | D:6      | Reached skill level 1 in Fighting
  6898 | D:6      | Found a staircase to the Ecumenical Temple.
  6979 | D:6      | Reached skill level 10 in Stealth
  7065 | Temple   | Entered the Ecumenical Temple
  7178 | Temple   | Became a worshipper of Gozag Ym Sagoz the Greedy
  7569 | D:6      | Got a vibrating emerald amulet
  7587 | D:6      | Identified the amulet of Jilen {Inacc Str+3 Int+2 SInv}
                  | (You found it on level 6 of the Dungeon)
  8289 | D:6      | Reached XP level 9. HP: 57/57 MP: 16/16
  8720 | D:7      | Noticed a gargoyle
  8945 | D:6      | Learned a level 3 spell: Tukima's Dance
  9184 | D:7      | Noticed Joseph
 10841 | D:7      | You fall into a shaft and drop 3 floors!
 10841 | D:10     | Entered Level 10 of the Dungeon
 10842 | D:10     | Found Onenir's Gadget Emporium.
 10850 | D:10     | Reached skill level 5 in Short Blades
 10951 | D:9      | Found a shadowy altar of Dithmenos.
 11032 | D:9      | Reached skill level 5 in Fighting
 11148 | D:8      | Found a sparkling altar of Nemelex Xobeh.
 11283 | D:7      | Killed Joseph
 11640 | D:7      | Killed a gargoyle
 11992 | D:7      | Reached XP level 10. HP: 58/66 MP: 10/17
 12236 | D:7      | Reached skill level 1 in Shields
 12236 | D:7      | Reached skill level 1 in Ice Magic
 12317 | D:7      | Noticed Pikel
 12344 | D:7      | Killed Pikel
 12446 | D:7      | Noticed Harold
 12458 | D:7      | Killed Harold
 12749 | D:7      | Noticed a moth of wrath
 12751 | D:7      | Found a bloodstained altar of Trog.
 12958 | D:8      | Found a staircase to the Lair.
 13639 | D:9      | Reached skill level 11 in Stealth
 14686 | D:9      | Found a transporter.
 14688 | D:9      | Found a transporter.
 14695 | D:9      | Noticed zcampers's ghost (novice MiBe)
 14696 | D:9      | Noticed a two-headed ogre
 14697 | D:9      | Identified the cursed +0 great mace "Jesiopy" {flame, rC+
                  | Dex+3}
 14697 | D:9      | Noticed a two-headed ogre
 15028 | D:9      | Reached XP level 11. HP: 71/71 MP: 18/18
 16178 | D:10     | Found a portal to a secret trove of treasure.
 16335 | D:10     | Reached skill level 5 in Dodging
 16349 | D:10     | Noticed Erolcha
 16822 | D:10     | Found a staircase to the Orcish Mines.
 17048 | D:10     | Killed Erolcha
 17049 | D:10     | Reached skill level 12 in Stealth
 17765 | D:5      | Bought a scroll of identify for 58 gold pieces
 17765 | D:5      | Bought a scroll of identify for 58 gold pieces
 17765 | D:5      | Bought a scroll of identify for 58 gold pieces
 17768 | D:5      | Gained mutation: You are clumsy. (Dex -2) [potion of
                  | mutation]
 17768 | D:5      | Gained mutation: You are weak. (Str -2) [potion of
                  | mutation]
 17768 | D:5      | Gained mutation: Your flesh is heat resistant. (rF+)
                  | [potion of mutation]
 17853 | Lair:1   | Entered Level 1 of the Lair of Beasts
 18112 | Lair:1   | Noticed Erica
 18667 | Lair:1   | Killed Erica
 20016 | Lair:1   | Reached skill level 10 in Short Blades
 20497 | Lair:1   | Lost mutation: You are weak. (Str -2) [potion of mutation]
 20497 | Lair:1   | Lost mutation: You are clumsy. (Dex -2) [potion of
                  | mutation]
 20497 | Lair:1   | Lost mutation: Your flesh is heat resistant. (rF+) [potion
                  | of mutation]
 20497 | Lair:1   | Gained mutation: You are partially covered in rugged brown
                  | scales. (AC +1, +3% HP) [potion of mutation]
 20497 | Lair:1   | Gained mutation: You are frail. (-10% HP) [potion of
                  | mutation]
 20497 | Lair:1   | Gained mutation: Your flesh is cold resistant. (rC+)
                  | [potion of mutation]
 20497 | Lair:1   | Gained mutation: You evolve. [potion of mutation]
 20564 | Lair:2   | Reached skill level 13 in Stealth
 20685 | Lair:2   | Noticed an oklob plant
 20687 | Lair:2   | Noticed an oklob plant
 20734 | Lair:2   | Reached XP level 12. HP: 53/75 MP: 18/21
 20738 | Lair:2   | Gained mutation: Your body sometimes deteriorates upon
                  | taking damage. [evolution]
 22144 | Lair:2   | Reached skill level 14 in Stealth
 22834 | Lair:2   | Gained mutation: You are agile. (Dex +2) [evolution]
 22895 | Lair:2   | Noticed a boulder beetle
 22906 | Lair:2   | Killed a boulder beetle
 23401 | Lair:2   | Bought the amulet of Fragile Peace {Acrobat rElec Str+4}
                  | for 786 gold pieces
 23401 | Lair:2   | Bought the ring of Befyngerch {rC+ rN++ Str-2} for 574 gold
                  | pieces
 23469 | Lair:2   | Noticed a six-headed hydra
 23482 | Lair:2   | Killed a one-headed hydra
 23483 | Lair:2   | Reached skill level 10 in Fighting
 23487 | Lair:2   | Got a shimmering tin ring
 23807 | Lair:2   | Identified the ring "Kayluull" {MP+9 Dex+3} (You found it
                  | on level 2 of the Lair of Beasts)
 24123 | Lair:2   | Noticed an eight-headed hydra
 24133 | Lair:2   | HP: 3/80 [eight-headed hydra (9)]
 24134 | Lair:2   | Slain by an eight-headed hydra

Illustrated notes

Levels and vault maps discovered:
D:1:      dpeg_arrival_circle_labyrinth_b, layout_basic
D:2:      layout_loops_cross, okawaru_metal_pillars_1_2
D:3:      layout_rooms, uniq_ijyb
D:4:      layout_loops_ring, vehumet_altar_wand_db
D:5:      layout_cave_pools, eat_drink_and_be_merry_uskayaw,
          chequers_temple_overflow_statue_of_worship, serial_shops, shop
D:6:      layout_layer_cave, nzn_wu_jian_contemplation,
          minmay_temple_entry_proselytizer, gup_ossuary_entry_pyramid,
          minmay_misc_feat_secret_circle, grunt_decor_cap
D:7:      layout_gridville, tgw_trog, uniq_harold, uniq_joseph, uniq_pikel
D:8:      layout_cave_pools, nemelex_xobeh_ov_fountains_minmay, lair_entry_dummy
D:9:      layout_grid_maze, grunt_dithmenos_shadows, gammafunk_ghost_smash,
          minivault_7
D:10:     layout_loops_ring, orc_0_dummy, nicolae_trove_entry_diagonal,
          serial_shops, shop, grunt_decor_mini_mirrors, uniq_erolcha
Temple:   dshaligram_water_room_temple
Lair:1:   lemuel_slime, layout_cave_pods, beast_lair_carwin_8,
          grunt_megastairs_5, infiniplex_staircase_pool_2, uniq_erica
Lair:2:   nzn_winding_woodlands_three_and_one [nzn_winding_woodlands_5x15_pool,
          nzn_winding_woodlands_5x15_default,
          nzn_winding_woodlands_5x15_default,
          nzn_winding_woodlands_center_lodge], layout_gridlike,
          minmay_shattered_shrine, minmay_lair_oklob_chamber

Skill      XL: |  1  2  3  4  5  6  7  8  9 10 11 12 |
---------------+-------------------------------------+-----
Stealth        | 5 6 7 8 10 11 13 14 | 14.0
Spellcasting   | 3 4 5 6 |  6.0
Hexes          | 4 5 6 |  6.0
Fighting       | 3 5 7 10 | 10.2
Short Blades   | 3 8 9 10 | 10.0
Shields        | 3 4 |  4.0
Ice Magic      | 3 4 |  4.0
Dodging        | 4 5 |  5.0

Action                   |  1- 3 |  4- 6 |  7- 9 | 10-12 || total
-------------------------+-------+-------+-------+-------++-------
Melee: Dagger            |    81 |   121 |   248 |       ||   450
       Constrict         |    18 |    18 |    89 |    89 ||   214
       Tentacles         |    13 |    16 |    81 |   162 ||   272
       Short sword       |       |       |   166 |   754 ||   920
       Scimitar          |       |       |       |    14 ||    14
 Cast: Ensorcelled Hiber |       |     5 |     7 |     3 ||    15
       Confusing Touch   |       |       |     9 |    10 ||    19
       Dazzling Flash    |       |       |     5 |    10 ||    15
       Tukima's Dance    |       |       |     3 |    29 ||    32
Invok: Potion Petition   |       |       |       |     1 ||     1
       Call Merchant     |       |       |       |     1 ||     1
  Use: Scroll            |       |       |    11 |    16 ||    27
       Potion            |       |       |     6 |     7 ||    13
 Stab: Sleeping          |    11 |    11 |    19 |    29 ||    70
       Confused          |       |       |     6 |    11 ||    17
       Invisible         |       |       |     2 |     9 ||    11
       Distracted        |       |       |     1 |     7 ||     8
Armor: Skin              |     7 |    32 |    82 |    73 ||   194
Dodge: Dodged            |    45 |    68 |   297 |   333 ||   743
Block: Buckler           |     6 |     5 |   149 |   210 ||   370
       Rpst.: Scimitar   |       |       |       |     1 ||     1
